 Dungeon Crawl Stone Soup version 0.19.3-1-g3169bf9 (webtiles) character file.

36820 JamesMay the Cleaver (level 13, -1/114 HPs)
             Began as a Minotaur Fighter on Jan 13, 2017.
             Was the Champion of Okawaru.
             Slain by an elephant (16 damage)
             ... summoned by a spriggan berserker
             ... on level 14 of the Dungeon on Jan 26, 2017.
             The game lasted 01:47:17 (22497 turns).

JamesMay the Cleaver (Minotaur Fighter)            Turns: 22497, Time: 01:47:18

Health: -1/114     AC: 19    Str: 22    XL:     13   Next: 55%
Magic:  9/18       EV:  8    Int:  5    God:    Okawaru [******]
Gold:   896        SH: 13    Dex: 14    Spells: 0 memorised, 12 levels left

rFire  . . .     SeeInvis .     s - +3 broad axe (flame)
rCold  . . .     Gourm    .     b - +0 plate armour
rNeg   . . .     Faith    .     c - +0 shield
rPois  +         Spirit   .     (helmet restricted)
rElec  .         Reflect  .     W - +2 cloak {rPois}
rCorr  .         Harm     +     (no gloves)
MR     .....                    (no boots)
Stlth  ..........               z - amulet of harm
                                (no ring)
                                (no ring)

@: no status effects
A: retaliatory headbutt, horns 2
a: Heroism, Finesse, Renounce Religion


You were on level 14 of the Dungeon.
You worshipped Okawaru.
Okawaru was exalted by your worship.
You were not hungry.

You visited 3 branches of the dungeon, and saw 16 of its levels.
You also visited: Sewer.

You collected 896 gold pieces.

Inventory:

Hand Weapons
 q - the +2 hand axe of Untruth {venom, rC+++ Int-3 SInv Stlth+}
   (You found it on level 4 of the Dungeon)

   It poisons the flesh of those it strikes.
   It affects your intelligence (-3).
   It renders you almost immune to cold.
   It lets you see invisible.
   It makes you more stealthy.
 s - a +3 broad axe of flaming (weapon)
 w - a +5 blowgun
Missiles
 a - 81 poisoned needles
 T - 50 sling bullets
 Y - 8 curare-tipped needles
Armour
 b - a +0 plate armour (worn)
 c - a +0 shield (worn)
 W - a +2 cloak of poison resistance (worn)
Jewellery
 z - an amulet of harm (around neck)
Wands
 u - a wand of lightning (7/15)
 F - a wand of disintegration (12/24)
 M - a wand of digging (10/24)
 U - a wand of digging (13/24)
Scrolls
 e - a scroll of recharging
 h - a scroll of identify
 n - a scroll of acquirement {unknown}
 p - 2 scrolls of blinking
 r - 6 scrolls of teleportation
 x - 3 scrolls of fog
 K - a scroll of fear
Potions
 d - 2 potions of might
 i - a potion of curing
 k - a potion of berserk rage {unknown}
 l - 2 potions of invisibility
 t - a potion of flight
 G - 2 potions of haste
 O - 2 potions of lignification
 P - a potion of ambrosia
Comestibles
 f - 10 bread rations
 g - 4 meat rations
 j - 9 fruits
 o - 7 chunks of flesh
 X - 3 royal jellies


   Skills:
 + Level 10.3 Fighting
   Level 11.2 Long Blades
 + Level 13.0 Axes
 + Level 1.2 Throwing
 + Level 12.5 Armour
 + Level 3.2 Dodging
 + Level 0.8 Stealth
 + Level 11.7 Shields
 * Level 9.0 Invocations


You had 12 spell levels left.
You didn't know any spells.

Dungeon Overview and Level Annotations

Branches:
Dungeon (14/15)            Temple (1/1) D:6            Lair (1/6) D:8
    Orc (0/2) D:9          Vaults (0/5) D:13

Altars:
Ashenzari
Cheibriados
Dithmenos
Elyvilon
Fedhas
Gozag
Hepliaklqana
Kikubaaqudgha
Makhleb
Nemelex Xobeh
Okawaru
Qazlal
Ru
Sif Muna
Trog
Uskayaw
Vehumet
Xom
Yredelemnul
Zin
The Shining One
Beogh


Innate Abilities, Weirdness & Mutations

You reflexively headbutt those who attack you in melee.
You have a pair of horns on your head.


Message History

You hit the elephant. You burn the elephant.
You hear an angry growl.
The elephant tramples you but does no damage.
The elephant trunk-slaps you but does no damage.
You barely miss the yak. You headbutt the yak, but do no damage.
The yak is almost dead.
You hit the elephant. You burn the elephant.
You block the elephant's attack. x2
The yak gores you but does no damage.
You hit the yak. You burn the yak.
You kill the yak!
Okawaru accepts your kill.
You slice the elephant!! You burn the elephant.
You feel like a meek peon again. The elephant barely misses you.
The elephant trunk-slaps you.
You slash the elephant! You burn the elephant.
The elephant is severely wounded.
The elephant tramples you!!
* * * LOW HITPOINT WARNING * * *
You stumble backwards!
The elephant tramples you!
You die...

#.###8##.## #.#.#
#..#.# #.##...###
#.#.# #.#.# # ##
#.#8.(.8### #####
###.### .#
#.#......8#8# #.D.# .#
#.#..<....... ###..
.###.#......8#8# #....
.....#8...8#########
#.##..
###..##...##...#.#.#.#
#. #.#
.....###8##.....@Y...#
# #.# .###.#
#####...#####..... #.#
.# #.# ##.## ### #.#
.# #.# #.# ..# .###.##
#)######.# ...
......#######..)YYiiY.
.
.#.#.....).֠######.YY
. .##...######.#
.###.## #.#


You could see an elephant (berserk).

Vanquished Creatures
  Josephine (D:10)
  A vault guard (D:13)
  3 centaur warriors (D:13)
  A death knight (D:13)
  2 spriggan berserkers (D:14)
  Urug (D:13)
  Sonja (D:13)
  A fire crab (shapeshifter) (D:13)
  3 unseen horrors
  Pikel (D:9)
  6 hill giants
  4 ugly things
  4 deep elf magi
  A cyclops (D:12)
  The ghost of Schimscham the Tainter, a novice OpVM (D:6)
  Maurice (D:9)
  Joseph (D:9)
  Psyche (D:9)
  3 gargoyles
  A spiny frog (Lair:1)
  5 centaur skeletons
  A yaktaur (D:13)
  A kobold demonologist (D:12)
  2 trolls
  A merfolk (D:11)
  A hornet (D:11)
  A two-headed ogre (D:9)
  A meliai zombie (D:13)
  4 hippogriffs
  A spriggan (D:11)
  8 wraiths
  10 yaks
  Grum (D:10)
  4 hungry ghosts
  A basilisk (D:12)
  A wyvern (D:10)
  7 vampire mosquitoes
  2 wargs (D:9)
  A water moccasin (D:10)
  5 porcupines (D:8)
  An ice beast (D:11)
  2 phantoms
  7 orc warriors
  A sky beast (D:10)
  2 black bears
  3 eyes of draining
  5 necrophages
  7 ogres
  14 centaurs
  4 wolves (D:10)
  2 crocodiles (D:8)
  Blork the orc (D:5)
  10 bullfrogs
  2 big kobolds
  3 scorpions
  11 killer bees
  13 wights
  7 howler monkeys
  9 crimson imps
  2 bullfrog zombies
  6 centaur zombies
  9 hounds
  3 jellies
  8 orc priests
  A quasit (D:13)
  4 bullfrog skeletons
  14 orc wizards
  Jessica (D:3)
  14 iguanas
  13 worker ants
  A howler monkey zombie (D:3)
  8 adders
  5 river rats
  A shadow imp (D:12)
  2 adder skeletons
  A worm (D:2)
  2 dart slugs
  2 leopard geckos
  69 orcs
  4 giant cockroaches
  6 goblins
  5 hobgoblins
  12 jackals
  9 kobolds
  2 quokkas
  A ball python (D:2)
  6 bats
  8 frilled lizards
  A jackal zombie (D:7)
  A quokka skeleton (D:5)
  A quokka zombie (D:5)
  5 rats
  2 bushes (D:13)
  2 plants (D:13)
431 creatures vanquished.

Vanquished Creatures (others)
  2 slaves
  A necrophage (D:9)
  An adder (D:9)
  An orc (D:11)
  2 kobolds
  A bush (D:13)
  A plant (D:13)
9 creatures vanquished.

Grand Total: 440 creatures vanquished

Notes
Turn   | Place    | Note
-------+----------+-------------------------------------------
     0 | D:1      | JamesMay the Minotaur Fighter began the quest for the Orb.
     0 | D:1      | Reached XP level 1. HP: 19/19 MP: 0/0
   101 | D:1      | Reached XP level 2. HP: 20/27 MP: 1/1
   210 | D:1      | Upgraded the game from 0.19.1-1-g22dce08 to 0.19.3
   711 | D:2      | Reached XP level 3. HP: 33/33 MP: 2/2
  1173 | D:2      | Reached skill level 1 in Dodging
  1177 | D:2      | Reached XP level 4. HP: 40/40 MP: 3/3
  1934 | D:3      | Noticed Jessica
  1950 | D:3      | Killed Jessica
  1950 | D:3      | Reached XP level 5. HP: 45/47 MP: 4/4
  1982 | D:3      | Found a hide-covered altar of Uskayaw.
  2809 | D:4      | Found a hazy altar of Hepliaklqana.
  2835 | D:4      | Found a glowing drain.
  2844 | Sewer    | Entered a sewer
  2854 | Sewer    | Reached skill level 5 in Shields
  2928 | Sewer    | Reached XP level 6. HP: 52/53 MP: 5/5
  2957 | Sewer    | Found a white marble altar of Elyvilon.
  3346 | D:4      | Reached skill level 5 in Long Blades
  3346 | D:4      | Reached skill level 5 in Armour
  3357 | D:4      | Found a shattered altar of Ashenzari.
  3357 | D:4      | Found a basalt altar of Yredelemnul.
  3993 | D:5      | Entered Level 5 of the Dungeon
  4138 | D:5      | Reached XP level 7. HP: 32/60 MP: 6/6
  4386 | D:5      | Reached skill level 5 in Fighting
  4764 | D:5      | Noticed Blork the orc
  4773 | D:5      | Killed Blork the orc
  4969 | D:6      | Noticed Schimscham's ghost (novice OpVM)
  5049 | D:6      | Killed Schimscham's ghost
  5049 | D:6      | Reached XP level 8. HP: 41/68 MP: 7/7
  5289 | D:6      | Found a staircase to the Ecumenical Temple.
  5293 | Temple   | Entered the Ecumenical Temple
  5499 | Temple   | Became a worshipper of Warmaster Okawaru
  5773 | D:6      | Found a glowing golden altar of the Shining One.
  5846 | D:6      | Found a white marble altar of Elyvilon.
  6226 | D:7      | Noticed a cyan ugly thing
  6240 | D:7      | Killed a cyan ugly thing
  6240 | D:7      | Reached * piety under Okawaru
  6617 | D:7      | Reached XP level 9. HP: 75/75 MP: 8/8
  6981 | D:8      | Reached ** piety under Okawaru
  6996 | D:8      | Reached skill level 1 in Invocations
  7507 | D:8      | Found a staircase to the Lair.
  7523 | D:8      | Reached skill level 10 in Long Blades
  7919 | D:8      | Found a snail-covered altar of Cheibriados.
  8663 | D:8      | Reached *** piety under Okawaru
  8819 | D:9      | Noticed Psyche
  8841 | D:9      | Killed Psyche
  8841 | D:9      | Reached XP level 10. HP: 71/86 MP: 11/11
  9114 | D:9      | Noticed a gargoyle
  9139 | D:9      | Killed a gargoyle
  9210 | D:9      | Noticed Pikel
  9220 | D:9      | Killed Pikel
  9220 | D:9      | Reached **** piety under Okawaru
  9294 | D:9      | Reached skill level 10 in Armour
  9350 | D:9      | Noticed Maurice
  9595 | D:9      | Killed Maurice
  9731 | D:4      | Got an iridescent hand axe
  9732 | D:4      | Identified the +2 hand axe of Untruth {venom, rC+++ Int-3 SInv Stlth+} (You found it on level 4 of the Dungeon)
  9919 | D:9      | Found a staircase to the Orcish Mines.
  9924 | D:9      | Noticed Joseph
  9938 | D:9      | Killed Joseph
  9938 | D:9      | Reached skill level 1 in Axes
 10223 | D:10     | Entered Level 10 of the Dungeon
 10388 | D:10     | Noticed Josephine
 10389 | D:10     | Reached skill level 2 in Axes
 10402 | D:10     | Killed Josephine
 10402 | D:10     | Reached ***** piety under Okawaru
 10402 | D:10     | Reached skill level 3 in Axes
 10402 | D:10     | Reached skill level 5 in Invocations
 11017 | D:10     | Reached XP level 11. HP: 53/94 MP: 13/13
 11032 | D:9      | Reached skill level 4 in Axes
 11882 | D:10     | Reached skill level 5 in Axes
 12219 | D:10     | Noticed Grum
 12227 | D:10     | Killed Grum
 12346 | D:10     | Noticed a hill giant
 12352 | D:10     | Killed a hill giant
 12352 | D:10     | Reached skill level 6 in Axes
 12602 | D:10     | Received a gift from Okawaru
 12844 | D:10     | Got a distressingly furry cloak {god gift}
 12855 | D:10     | Identified the +1 cloak "Jysusu" {rN+} (Okawaru gifted it to you on level 10 of the Dungeon)
 12857 | D:10     | Noticed a hill giant
 12866 | D:10     | Killed a hill giant
 13207 | D:10     | Reached skill level 7 in Axes
 13435 | D:11     | Found a roughly hewn altar of Beogh.
 14139 | D:11     | HP: 1/95 [orc priest/divine providence (13)]
 14678 | D:11     | Noticed an unseen horror
 14690 | D:11     | Killed an unseen horror
 14690 | D:11     | Reached skill level 8 in Axes
 15016 | D:11     | Reached skill level 10 in Shields
 15422 | D:11     | Noticed a purple ugly thing
 15437 | D:11     | Killed a purple ugly thing
 15437 | D:11     | Reached skill level 9 in Axes
 15529 | D:12     | Reached XP level 12. HP: 103/103 MP: 14/16
 16301 | D:12     | Reached ****** piety under Okawaru
 16439 | D:12     | Reached skill level 10 in Axes
 16743 | D:12     | Received a gift from Okawaru
 17324 | D:12     | Upgraded the game from 0.19.3 to 0.19.3-1-g3169bf9
 17476 | D:13     | Reached skill level 11 in Axes
 17662 | D:13     | Noticed a centaur warrior
 17662 | D:13     | Noticed a centaur warrior
 17981 | D:13     | Noticed Urug
 17998 | D:13     | Killed Urug
 18004 | D:13     | Killed a centaur warrior
 18272 | D:13     | Killed a centaur warrior
 18560 | D:13     | Noticed a centaur warrior
 18564 | D:13     | Noticed a death knight
 18566 | D:13     | Killed a centaur warrior
 18567 | D:13     | Noticed a vault guard
 18576 | D:13     | Killed a death knight
 18576 | D:13     | Received a gift from Okawaru
 18579 | D:13     | Killed a vault guard
 18579 | D:13     | Reached skill level 12 in Axes
 18809 | D:13     | Found a gate to the Vaults.
 18864 | D:13     | Reached XP level 13. HP: 110/112 MP: 18/18
 19192 | D:13     | Noticed Sonja
 19251 | D:13     | Killed Sonja
 19881 | D:10     | Reached skill level 10 in Fighting
 19943 | Lair:1   | Entered Level 1 of the Lair of Beasts
 21072 | D:13     | Found a blossoming altar of Fedhas.
 21293 | D:13     | Reached skill level 1 in Throwing
 22486 | D:14     | Reached skill level 13 in Axes
 22497 | D:14     | Slain by an elephant

Skill      XL: |  1  2  3  4  5  6  7  8  9 10 11 12 13 |
---------------+----------------------------------------+-----
Shields        | 4 5 6 7 9 10 11 | 11.7
Armour         | 4 5 7 8 9 10 11 12 | 12.5
Fighting       | 4 5 6 7 8 9 10 | 10.3
Long Blades    | 3 4 5 7 9 10 11 | 11.2
Dodging        | 1 2 3 |  3.2
Invocations    | 3 5 6 8 9 |  9.0
Axes           | 3 9 12 13 | 13.0
Throwing       | 1 |  1.2
Stealth        | |  0.8

Action                   |  1- 3 |  4- 6 |  7- 9 | 10-12 | 13-15 || total
-------------------------+-------+-------+-------+-------+-------++-------
Melee: Long sword        |    75 |   147 |   251 |    84 |       ||   557
       Headbutt          |    15 |    29 |    64 |   223 |    68 ||   399
       Hand axe          |       |       |       |   721 |   162 ||   883
       Broad axe         |       |       |       |    88 |   120 ||   208
 Fire: Blowgun           |       |       |       |       |    12 ||    12
Invok: Heroism           |       |       |       |     5 |     1 ||     6
       Finesse           |       |       |       |     1 |     1 ||     2
  Use: Scroll            |       |    12 |     6 |     4 |     4 ||    26
       Potion            |       |     5 |     3 |     6 |     4 ||    18
  Eat: Chunk             |     1 |     3 |    11 |    11 |     5 ||    31
       Bread ration      |       |     2 |       |       |       ||     2
       Fruit             |       |       |     1 |    10 |       ||    11
       Beef jerky        |       |       |     1 |     2 |       ||     3
       Meat ration       |       |       |       |     2 |     2 ||     4
       Pizza             |       |       |       |     2 |       ||     2
Armor: Scale mail        |    36 |    45 |       |       |       ||    81
       Plate armour      |       |    27 |    82 |   327 |    88 ||   524
Dodge: Dodged            |    31 |    41 |    35 |   193 |    44 ||   344
Block: Shield            |    45 |    74 |   105 |   472 |   128 ||   824
       Rpst.: Long sword |     9 |    16 |    10 |     2 |       ||    37
